 Dungeon Crawl Stone Soup version 0.31-a0-344-gd109795599 (webtiles) character file.

Game seed: 8817853424010930303

348 serozhah1 the Ducker (level 6, 0/55 HPs)
             Began as a Troll Warper on July 22, 2023.
             Slain by an orc priest
             ... wielding a +0 mace
              (6 damage)
             ... on level 4 of the Dungeon.
             The game lasted 00:20:10 (3146 turns).

serozhah1 the Ducker (Troll Warper)                 Turns: 3146, Time: 00:20:21

Health: 0/55       AC:  4    Str: 20    XL:     6   Next: 33%
Magic:  5/7        EV: 11    Int:  9    God:
Gold:   145        SH:  0    Dex: 11    Spells: 6/8 levels left

rFire   . .          .
                       - Unarmed
rCold   . . .        (no shield)
rNeg    . . .        a - +0 robe
rPois   .            (helmet restricted)
rElec   .            (no cloak)
rCorr   .            (gloves unavailable)
SInv    .            (boots unavailable)
Will    +....        (no amulet)
Stlth   +            f - ring of willpower
HPRegen 1.09/turn    (no ring)
MPRegen 0.10/turn

%: no passive effects
@: very slightly contaminated
A: large, unfitting armour, claws 3, regeneration 1, shaggy fur 1, tough skin 1
a: no special abilities


You were on level 4 of the Dungeon.
You visited 1 branch of the dungeon, and saw 4 of its levels.

You collected 145 gold pieces.

Inventory:

Missiles
 c - a boomerang of dispersal (quivered)
Armour
 a - a +0 robe (worn)
 g - a +0 robe
Jewellery
 f - a ring of willpower (left claw)
Scrolls
 b - a scroll of blinking
 d - a scroll of poison {unknown}
 e - a scroll of silence
 h - a scroll of vulnerability {unknown}
 i - a scroll of enchant weapon {unknown}
 j - 2 scrolls of noise {unknown}
 m - 2 scrolls of fog {unknown}
 r - a scroll of amnesia {unknown}
 s - 3 scrolls of teleportation {unknown}
Potions
 k - a potion of invisibility {unknown}
 l - a potion of might {unknown}
 n - a potion of mutation {unknown}
 o - a potion of attraction {unknown}
 p - a potion of cancellation {unknown}
 q - 3 potions of curing


   Skills:
 - Level 1.5 Fighting
 - Level 1.1 Throwing
 + Level 4.7 Dodging
 - Level 2.3 Unarmed Combat
 + Level 1.8 Spellcasting
 + Level 3.0 Translocations


You had 6 spell levels left.
You knew the following spells:

 Your Spells              Type           Power      Damage    Failure   Level
a - Blink                 Tloc           12%        N/A       14%         2

Your spell library contained the following spells:

 Spells                   Type           Power      Damage    Failure   Level
 Lesser Beckoning         Tloc           12%        N/A       14%         2
 Teleport Other           Tloc           6%         N/A       28%         3
 Vhi's Electric Charge    Tloc/Air       6%         N/A       50%         3
 Volatile Blastmotes      Fire/Tloc      6%         2d10      50%         3
 Manifold Assault         Tloc           6%         N/A       67%         4
 Dazzling Flash           Conj/Hex       0%         N/A       71%         3
 Summon Forest            Summ/Tloc      1%         N/A       99%         5
 Agony                    Necr           0%         N/A       100%        5
 Silence                  Hex/Air        0%         N/A       100%        5
 Summon Mana Viper        Hex/Summ       0%         N/A       100%        5
 Starburst                Conj/Fire      0%         6d3       100%        6
 Summon Cactus Giant      Summ           0%         N/A       100%        6
 Maxwell's Capacitive Co  Air            0%         ∞         100%        8


Dungeon Overview and Level Annotations

Branches:
Dungeon (4/15)
 Temple: D:4-7

Altars:

Shops:
D:2 [


Innate Abilities, Weirdness & Mutations

You are too large for most types of armour.
You have claws for hands.
Your natural rate of healing is unusually fast.
You are covered in fur. (AC +1)
You have tough skin. (AC +1)


Message History

The orc priest calls down the wrath of Beogh upon you.
Beogh smites you! The orc hits you with a +0 hand axe.
You claw the orc!
You kill the orc!
Throw: boomerang (disperse)
Press: ? - help, Q - select action, (/) - cycle Shift-Dir - straight line, f - orc priest
Aim: an orc priest, wielding a +0 mace and wearing a +0 scale mail (54% to hit)
Okay, then.
You barely miss the orc. You scratch the orc priest.
Your claw misses the orc priest.
The orc priest is lightly wounded.
The orc hits you with a +0 hand axe.
You scratch the orc priest.
The orc priest is lightly wounded.
The orc barely misses you.
The orc priest casts a cantrip, but nothing happens.
The orc misses you.
You claw the orc priest!
The orc priest is almost dead.
The orc closely misses you.
The orc priest hits you but does no damage.
The orc barely misses you.
You scratch the orc priest but do no damage.
The orc priest is almost dead.
The orc hits you with a +0 hand axe. The orc priest hits you with a +0 mace.
The orc barely misses you.
You scratch the orc priest but do no damage.
The orc priest is almost dead.
The orc hits you with a +0 hand axe.
The orc priest mumbles some strange prayers to Beogh against you.
Beogh smites you!
* * * LOW HITPOINT WARNING * * *
The orc misses you.
Casting: Blink (safe; 14% risk of failure)
Confirm with . or Enter, or press ? or * to list all spells.
You miscast Blink.
You are very lightly contaminated with residual magic.
Nothing appears to happen.
The orc barely misses you. The orc priest hits you with a +0 mace.
You die...

...# #.. ...# ## #.. ...# #..
#####+###########.. ...########..
#..................
..........#...#..................
..........#...#..................
..........#...'.>)...............
..........# #oo..†.............
..........#####o@................
#########.............###+#######
#.............'..........
#.............#..........
#.............#..........
#.............######.####
########.....##...##'#...
#......#.....#.......#...
#......#.....#.......#...


You could see an orc priest and 2 orcs.

Vanquished Creatures
  Pargi (D:3)
  A jelly (D:3)
  A hound (D:4)
  Terence (D:3)
  An iguana (D:4)
  Natasha (D:3)
  3 adders
  2 worms
  2 dart slugs (D:4)
  4 orcs
  10 ball pythons
  5 bats
  7 endoplasms
  8 giant cockroaches
  8 goblins
  5 hobgoblins
  A jackal (D:3)
  3 kobolds
  3 quokkas
  7 frilled lizards
  5 rats
79 creatures vanquished.

Notes
Turn   | Place    | Note
-------+----------+-------------------------------------------
     0 | D:1      | serozhah1 the Troll Warper began the quest for the Orb.
     0 | D:1      | Reached XP level 1. HP: 19/19 MP: 1/1
    80 | D:1      | Reached skill level 2 in Dodging
   140 | D:1      | Reached skill level 1 in Throwing
   188 | D:1      | Reached XP level 2. HP: 27/27 MP: 2/2
  1009 | D:2      | Reached XP level 3. HP: 33/33 MP: 4/4
  1033 | D:2      | Found Qoiloank's Armour Shop.
  1125 | D:2      | Found a faded altar of an unknown god.
  1727 | D:3      | Learned a level 2 spell: Blink
  1881 | D:3      | Reached XP level 4. HP: 24/41 MP: 5/5
  2014 | D:3      | Reached skill level 3 in Dodging
  2161 | D:3      | Noticed Natasha
  2175 | D:3      | Killed Natasha
  2176 | D:3      | Reached XP level 5. HP: 42/48 MP: 6/6
  2270 | D:3      | Noticed Pargi
  2271 | D:3      | Noticed Terence
  2280 | D:3      | Killed Terence
  2488 | D:3      | Killed Pargi
  2489 | D:3      | Reached skill level 4 in Dodging
  2763 | D:4      | Reached XP level 6. HP: 55/55 MP: 7/7
  3146 | D:4      | Slain by an orc priest

Illustrated notes

Levels and vault maps discovered:
D:1:      scummos_arrival_forest, layout_loops_cross, minmay_pentomino_q4
D:2:      layout_basic, shapermc_ecumenical_altar_flowoftime, serial_shops,
          shop, nicolae_kite_square_tiling_tiny, nicolae_figureground_sparkle
D:3:      layout_loops_ring, minmay_vboxes, uniq_natasha, uniq_terence,
          uniq_pargi
D:4:      layout_gridville

Skill      XL: |  1  2  3  4  5 |
---------------+----------------+-----
Dodging        | 2 3 4 |  4.7
Throwing       | 1 |  1.1
Translocations | 3 |  3.0
Fighting       | |  1.5
Unarmed Combat | |  2.3
Spellcasting   | |  1.8

Action                     |  1- 3 |  4- 6 || total
---------------------------+-------+-------++-------
  Melee: Unarmed           |   154 |   111 ||   265
         Punch             |     1 |     1 ||     2
  Throw: Boomerang         |     2 |     4 ||     6
    Use: Scroll            |     2 |     1 ||     3
         Potion            |     1 |     2 ||     3
   Stab: Sleeping          |       |     1 ||     1
 Armour: Robe              |    73 |    31 ||   104
  Dodge: Dodged            |    97 |    63 ||   160

Table legend: (Time is in decaauts)
 A = Elapsed time spent in this place.
 B = Non-inter-level travel time spent in this place.
 C = Inter-level travel time spent in this place.
 D = Time resting spent in this place.
 E = Time spent auto-exploring this place.
 F = Levels seen in this place.
 G = Mean time per level.
                   A        B        C        D        E       F      G
               +--------+--------+--------+--------+--------+-----+--------+
         Total |   3134 |   2697 |    437 |      0 |   2041 |   4 |  783.5 |
       Dungeon |   3134 |   2697 |    437 |      0 |   2041 |   4 |  783.5 |
               +--------+--------+--------+--------+--------+-----+--------+

Top non-repeatable levels by time:
     D:2: 935 daAuts
     D:3: 787 daAuts
     D:1: 781 daAuts
     D:4: 629 daAuts
